 Dungeon Crawl Stone Soup version 0.26.1-10-gdfb7c7de75 (webtiles) character file.

Game seed: 5295800070042030374

210 Descartes the Magician (level 5, -3/28 HPs)
             Began as a Deep Elf Hedge Wizard on Apr 7, 2021.
             Slain by an ogre
             ... wielding a +0 giant club
              (14 damage)
             ... on level 3 of the Dungeon.
             The game lasted 00:08:43 (3623 turns).

Descartes the Magician (Deep Elf Hedge Wizard)      Turns: 3623, Time: 00:08:43

Health: -3/28      AC:  8    Str:  7    XL:     5   Next: 56%
Magic:  14/14      EV: 12    Int: 20    God:
Gold:   139        SH:  0    Dex: 14    Spells: 13/14 levels left

rFire    . . .     SeeInvis +   z - +2 quarterstaff (chaos)
rCold    . . .     Faith    .   (shield currently unavailable)
rNeg     . . .     Spirit   .   k - +0 leather armour
rPois    .         Reflect  .   c - +0 hat
rElec    .         Harm     .   A - +0 cloak {rCorr}
rCorr    +         Rampage  .   (no gloves)
Will     .....                  (no boots)
Stlth    ++........             (no amulet)
HPRegen  0.09/turn              h - ring of see invisible
MPRegen  0.14/turn              q - +4 ring of protection

@: flying
A: no striking features
a: no special abilities


You were on level 3 of the Dungeon.
You visited 1 branch of the dungeon, and saw 4 of its levels.

You collected 139 gold pieces.

Inventory:

Hand Weapons
 a - a +0 dagger
 z - a +2 quarterstaff of chaos (weapon)
Missiles
 b - 7 atropa-tipped darts
 i - 20 arrows
 l - 67 stones
 n - 44 bolts
 s - 28 poisoned darts
 u - 30 sling bullets
 x - 3 boomerangs
Armour
 c - a +0 hat (worn)
 k - a +0 leather armour (worn)
 A - a +0 cloak of preservation (worn)
Jewellery
 h - a ring of see invisible (left hand)
 q - a +4 ring of protection (right hand)
 w - an uncursed ring of fire
Wands
 C - a wand of enslavement (8)
Scrolls
 d - 5 scrolls of remove curse {unknown}
 e - 5 scrolls of identify {unknown}
 f - a scroll of amnesia {unknown}
 m - a scroll of random uselessness {unknown}
 p - 2 scrolls of teleportation {unknown}
 r - 3 scrolls of magic mapping {unknown}
 v - 3 scrolls of fear {unknown}
 y - a scroll of enchant armour {unknown}
Potions
 g - 2 potions of curing
 j - 3 potions of flight
 o - 2 potions of degeneration {unknown}
 B - a potion of cancellation {unknown}


   Skills:
 - Level 2.4 Dodging
 + Level 4.3 Stealth
 - Level 5.0 Spellcasting
 - Level 5.0 Conjurations
 - Level 1.1 Summonings
 - Level 1.1 Translocations


You had 13 spell levels left.
You knew the following spells:

 Your Spells              Type           Power        Failure   Level
a - Magic Dart            Conj           100%         2%          1

Your spell library contained the following spells:

 Spells                   Type           Power        Failure   Level
 Blink                    Tloc           N/A          17%         2
 Call Imp                 Summ           9%           17%         2
 Conjure Flame            Conj/Fire      15%          19%         3
 Slow                     Hex            5%           26%         2
 Mephitic Cloud           Conj/Pois/Air  11%          26%         3


Dungeon Overview and Level Annotations

Branches:
Dungeon (4/15)
 Temple: D:4-7

Altars:
Cheibriados
Kikubaaqudgha
Okawaru


Message History

You hit the ogre.
You feel better.
The ogre is moderately wounded.
The ogre hits you with a +0 giant club!
* * * LOW HITPOINT WARNING * * *
You are too injured to fight recklessly!
You see here a scroll labelled PAWIZX OZXA.
You see here an uncursed amulet of faith.
There is a stone staircase leading up here.
The ogre hits you with a +0 giant club.
* * * LOW HITPOINT WARNING * * *
You climb upwards.
There is a stone staircase leading down here.
Okay, then.
It was a potion of flight.
You feel very buoyant.
You fly up into the air.
It was a potion of curing.
You feel better. The ogre hits you with a +0 giant club!
Ouch! That really hurt!
You die...

......#
#..#..#...#...#...
.##.###
#..#..........)... .##.#
#..############### .##.#
#..# #.....# ###.# #..#
#####.# .##.#
##########..# #.#
#.#.###...........# #.#
##.)....########O## #.#
#.#.##### #@# #.#
.....###########.# #.#
.....)......#....# #.#
.##...)).........# #.#
.###.######.#....#######
#.# ......#
##.##.........# #.#
.###..####)..#...#####.#
#.# .# #.....).......#
#.###.###### .#
#..####...#.###
##<..........


You could see an ogre.

Vanquished Creatures
  A scorpion (D:3)
  Crazy Yiuf (D:3)
  6 adders
  An ooze (D:1)
  A dart slug (D:2)
  6 orcs (D:3)
  4 bats
  7 giant cockroaches
  8 goblins
  7 hobgoblins
  4 ball pythons
  4 frilled lizards
  6 kobolds
  9 rats
65 creatures vanquished.

Notes
Turn   | Place    | Note
-------+----------+-------------------------------------------
     0 | D:1      | Descartes the Deep Elf Hedge Wizard began the quest for the
                  | Orb.
     0 | D:1      | Reached XP level 1. HP: 10/10 MP: 7/7
   297 | D:1      | Reached XP level 2. HP: 14/15 MP: 1/9
   685 | D:1      | Reached skill level 5 in Spellcasting
  1123 | D:2      | Reached XP level 3. HP: 19/19 MP: 8/11
  1610 | D:2      | Found a snail-covered altar of Cheibriados.
  1706 | D:2      | Found an iron altar of Okawaru.
  1721 | D:2      | Reached XP level 4. HP: 24/24 MP: 8/13
  2370 | D:3      | Reached skill level 5 in Conjurations
  2370 | D:3      | Reached XP level 5. HP: 23/28 MP: 2/14
  2568 | D:3      | Found an ancient bone altar of Kikubaaqudgha.
  2899 | D:3      | Found a faded altar of an unknown god.
  3049 | D:3      | Found a runed translucent door.
  3050 | D:3      | Noticed Crazy Yiuf
  3067 | D:3      | Killed Crazy Yiuf
  3610 | D:4      | Noticed an ogre
  3623 | D:3      | Slain by an ogre

Illustrated notes

Levels and vault maps discovered:
D:1:      lemuel_arrival_muddy, layout_rooms, kennysheep_minor_cross
D:2:      layout_basic, general_overflow_altar, cheibriados_altar_1
D:3:      layout_loops_ring, lemuel_coloured_pillars_altar,
          chequers_ecumenical_altar_twisty, uniq_crazy_yiuf_cottage
D:4:      layout_loops_ring, nicolae_qazlal_general_emergency, uniq_sigmund,
          uniq_ijyb

Skill      XL: |  1  2  3  4  5 |
---------------+----------------+-----
Conjurations   | 2 3 5 |  5.0
Spellcasting   | 5 |  5.0
Stealth        | 4 |  4.3
Dodging        | |  2.4
Summonings     | |  1.1
Translocations | |  1.1

Action                   |  1- 3 |  4- 6 || total
-------------------------+-------+-------++-------
Melee: Dagger            |     9 |       ||     9
       Quarterstaff      |       |     3 ||     3
 Cast: Magic Dart        |    88 |    70 ||   158
  Use: Potion            |       |     2 ||     2
 Stab: Sleeping          |       |     1 ||     1
Armor: Leather armour    |     1 |     3 ||     4
Dodge: Dodged            |    16 |     6 ||    22
